Map: Романтицид РВ

Players

llllllllllll

  • Race: Protoss Protoss
  • League: Diamond

Kantara - Winner!

  • Race: Protoss Protoss
  • League: Master

VOD

Have the link to the VOD?

Description

Time

  • Played on: Aug. 23, 2021, 3:25 p.m.
  • Length: 21:05
Show
View Real Time Build Order
Export as new Build Order

llllllllllll Protoss 

Build Orders: Phoenix Opening, Blink Stalkers 

Get SALT Encoding   

  12  0:00  Probe  
  13  0:12  Probe  
  14  0:17  Pylon  
  14  0:24  Probe (Chrono Boost)  
  15  0:37  Probe (Chrono Boost)  
  15  0:39  Gateway  
  16  0:43  Probe (Chrono Boost)  
  16  0:46  Assimilator  
  17  0:51  Probe  
  17  0:54  Assimilator  
  18  1:03  Probe (Chrono Boost)  
  19  1:08  Gateway  
  19  1:13  Probe (Chrono Boost)  
  20  1:18  Probe (Chrono Boost)  
  21  1:26  Cybernetics Core  
  21  1:29  Probe  
  22  1:42  Probe  
  23  2:02  Pylon  
  23  2:10  Warp Gate  
  23  2:20  Probe  
  23  2:21  Sentry (Chrono Boost)  
  28  2:25  Stalker (Chrono Boost)  
  28  2:27  Nexus  
  28  2:33  Pylon, Probe  
  29  2:44  Stalker (Chrono Boost)  
  29  2:51  Probe  
  34  2:52  Phoenix  
  34  2:53  Stalker (Chrono Boost)  
  34  3:00  Twilight Council  
  34  3:06  Probe  
  34  3:12  Shield Battery  
  35  3:18  Probe  
  36  3:22  Sentry  
  38  3:30  Pylon  
  38  3:38  Stalker  
  40  3:52  Blink, Forge  
  40  3:55  Probe x2 (Chrono Boost)  
  42  4:05  Probe x2 (Chrono Boost)  
  44  4:10  Probe x2 (Chrono Boost)  
  46  4:21  Probe x2  
  48  4:27  Photon Cannon  
  48  4:31  Photon Cannon  
  48  4:36  Nexus  
  48  4:42  Probe x2  
  48  4:44  Protoss Ground Weapons Level 1  
  47  4:54  Probe (Chrono Boost)  
  47  4:56  Probe (Chrono Boost)  
  49  5:06  Probe (Chrono Boost)  
  51  5:07  Stalker x2  
  51  5:11  Probe (Chrono Boost)  
  51  5:13  Probe (Chrono Boost)  
  56  5:18  Probe  
  56  5:20  Probe  
  58  5:21  Assimilator  
  58  5:28  Gateway  
  58  5:29  Gateway  
  58  5:30  Probe  
  58  5:32  Probe  
  60  5:43  Probe  
  60  5:45  Probe  
  60  5:46  Pylon  
  62  5:51  Pylon, Templar Archives  
  62  5:53  Charge, Probe (Chrono Boost)  
  62  5:55  Probe (Chrono Boost)  
  65  5:57  Probe (Chrono Boost)  
  66  6:05  Probe (Chrono Boost), Stalker x2  
  66  6:07  Probe x2 (Chrono Boost)  
  66  6:10  Probe (Chrono Boost)  
  73  6:11  Probe (Chrono Boost)  
  73  6:12  Probe (Chrono Boost)  
  75  6:22  Probe x2  
  75  6:23  Probe  
  78  6:25  Photon Cannon  
  78  6:26  Phoenix  
  78  6:29  Pylon  
  78  6:31  Pylon  
  78  6:34  Probe x2  
  78  6:35  Probe  
  81  6:43  Stalker x4  
  81  6:46  Probe x2  
  91  6:47  Probe  
  91  6:48  Protoss Ground Weapons Level 2 (Chrono Boost)  
  92  6:58  Probe x2  
  92  6:59  Probe  
  95  7:02  Assimilator  
  95  7:03  Assimilator  
  95  7:10  Probe x2  
  95  7:14  Phoenix  
  97  7:21  Stalker x2  
  97  7:22  Probe x2, Stalker x2  
  107  7:41  Probe x2  
  107  7:42  Nexus  
  109  7:44  Assimilator  
  109  7:50  Forge  
  109  7:53  Pylon  
  109  7:55  Pylon  
  109  7:56  Pylon  
  109  7:57  Pylon  
  109  7:59  Pylon  
  109  8:02  Colossus  
  109  8:06  Pylon  
  109  8:08  Pylon  
  109  8:09  Pylon x2  
  109  8:11  Probe  
  110  8:15  Pylon  
  110  8:16  Pylon  
  110  8:20  Forge  
  110  8:21  Stalker x4  
  118  8:27  Protoss Ground Armor Level 1 (Chrono Boost), Robotics Facility  
  118  8:32  Shield Battery  
  118  8:34  Shield Battery  
  118  8:35  Photon Cannon  
  118  8:38  Photon Cannon  
  118  8:42  Photon Cannon  
  118  8:44  Gateway x2  
  118  8:47  Gateway  
  118  8:49  Stalker x2  
  118  8:50  Gateway  
  118  8:51  Gateway, High Templar x2  
  118  8:54  Gateway  
  126  8:57  Protoss Ground Weapons Level 3 (Chrono Boost)  
  126  9:11  Assimilator  
  126  9:12  Assimilator  
  126  9:19  Stalker x2  
  126  9:21  Archon  
  126  9:24  Nexus  
  130  9:32  Dark Shrine  
  130  9:34  Pylon  
  130  9:35  Observer (Chrono Boost)  
  131  9:39  High Templar x4  
  131  9:42  Pylon  
  139  9:48  Observer (Chrono Boost)  
  139  9:52  Archon x2  
  140  9:53  High Templar  
  140  9:54  High Templar  
  144  10:08  Nexus  
  144  10:09  Pylon  
  144  10:10  Gateway  
  144  10:11  Gateway  
  144  10:13  Gateway  
  144  10:16  Gateway  
  144  10:18  High Templar x3  
  144  10:19  High Templar  
  144  10:20  Archon  
  152  10:23  Protoss Ground Armor Level 2 (Chrono Boost)  
  152  10:36  Archon  
  152  10:37  Archon  
  152  10:49  Dark Templar x3  
  144  11:27  High Templar x3  
  150  11:38  Archon  
  148  11:49  Assimilator  
  148  11:51  Assimilator  
  146  12:00  Zealot x10  
  166  12:08  Zealot x4  
  174  12:15  Assimilator  
  116  12:35  Zealot x8  
  116  12:36  Zealot x6  
  134  12:57  Stalker x10  
  134  12:58  Protoss Ground Armor Level 3 (Chrono Boost), Stalker x4  
  142  13:21  Assimilator  
  118  13:43  Stalker x2  
  118  13:44  Stalker x12  
  144  13:53  Gateway  
  144  13:55  Gateway  
  144  13:57  Gateway  
  144  13:59  Gateway  
  144  14:10  Stalker x12  
  144  14:11  Stalker x2  
  164  14:25  Observer (Chrono Boost)  
  151  14:39  Observer (Chrono Boost)  
  150  14:48  Stalker x11  
  150  14:49  Stalker x4  
  150  14:52  Observer (Chrono Boost)  
  176  15:05  Stalker x3  
  142  15:11  Observer  
  142  15:13  Zealot x3  
  121  15:14  Zealot  
  109  15:24  Stalker x2  
  107  15:44  Protoss Shields Level 1 (Chrono Boost)  
  107  15:59  Stalker x4  
  107  16:00  High Templar  
  107  16:01  High Templar  
  119  16:06  High Templar x3, Nexus  
  119  16:08  Archon  
  125  16:14  High Templar x5  
  125  16:16  Archon  
  125  16:18  Archon x2  
  135  16:19  Archon  
  135  16:20  High Templar x2  
  135  16:21  High Templar x2  
  143  16:38  High Templar x7  
  143  16:39  High Templar x2  
  161  16:45  Archon x4  
  161  16:46  Archon x2  
  161  16:47  High Templar  
  161  16:51  Archon  
  163  16:56  Stalker x3  
  163  16:57  Stalker x4  
  170  17:45  Stalker x8  
  170  17:46  Stalker x7  
  200  17:57  Protoss Shields Level 2 (Chrono Boost)  
  162  18:32  Stalker x14  
  151  18:56  Stalker x7  
  147  19:14  Stalker x5  
  155  19:33  Stalker x4  
  101  19:58  Stalker x6  
  89  20:21  Nexus  
  89  20:26  High Templar x4  
  89  20:27  High Templar x5  
  93  20:31  Archon x2  
  93  20:32  Archon x2  
  93  20:34  High Templar  
  93  20:35  Zealot x2  
  99  20:38  Archon  
  99  20:42  Stalker x2  
Show
View Real Time Build Order
Export as new Build Order

Kantara Protoss - Winner!

Build Orders: Oracle Opening, Carriers 

Get SALT Encoding   

  12  0:00  Probe  
  13  0:12  Probe  
  14  0:18  Pylon  
  14  0:24  Probe (Chrono Boost)  
  15  0:38  Probe (Chrono Boost)  
  15  0:41  Gateway  
  16  0:44  Probe (Chrono Boost)  
  16  0:48  Assimilator  
  17  0:52  Probe  
  18  0:59  Assimilator  
  18  1:04  Probe  
  19  1:16  Probe  
  20  1:28  Pylon, Probe  
  20  1:31  Cybernetics Core  
  20  1:32  Zealot  
  23  1:46  Probe  
  24  1:58  Probe  
  25  2:10  Stalker  
  25  2:14  Robotics Facility  
  27  2:25  Pylon  
  27  2:27  Probe  
  28  2:36  Stargate  
  28  2:39  Probe  
  29  2:51  Probe  
  30  2:59  Nexus  
  30  3:03  Immortal (Chrono Boost)  
  30  3:11  Probe  
  35  3:22  Pylon  
  35  3:23  Probe  
  36  3:34  Oracle  
  36  3:40  Probe (Chrono Boost)  
  36  3:41  Observer  
  41  3:44  Shield Battery  
  41  3:53  Probe (Chrono Boost)  
  42  3:59  Probe (Chrono Boost)  
  42  4:05  Immortal  
  42  4:07  Probe  
  47  4:13  Probe  
  48  4:18  Void Ray  
  48  4:25  Probe (Chrono Boost)  
  48  4:26  Probe (Chrono Boost)  
  54  4:36  Probe (Chrono Boost)  
  55  4:39  Probe (Chrono Boost)  
  55  4:44  Immortal  
  60  5:07  Probe  
  61  5:16  Nexus  
  61  5:20  Pylon  
  61  5:26  Pylon  
  61  5:27  Assimilator  
  61  5:31  Assimilator  
  61  5:32  Void Ray  
  61  5:38  Immortal  
  61  5:42  Forge, Observer  
  69  5:44  Probe  
  69  5:49  Probe  
  71  5:54  Protoss Air Weapons Level 1 (Chrono Boost)  
  71  5:56  Probe  
  72  6:05  Probe  
  72  6:08  Probe  
  74  6:11  Void Ray  
  74  6:12  Stargate  
  78  6:29  Probe (Chrono Boost)  
  81  6:34  Probe x2 (Chrono Boost), Immortal  
  82  6:43  Probe (Chrono Boost)  
  83  6:47  Robotics Facility  
  83  6:51  Robotics Bay  
  83  6:54  Probe (Chrono Boost)  
  83  6:58  Photon Cannon  
  83  6:59  Photon Cannon  
  83  7:00  Probe (Chrono Boost), Photon Cannon  
  85  7:02  Photon Cannon x2  
  85  7:03  Shield Battery  
  85  7:05  Shield Battery  
  82  7:16  Probe x2  
  82  7:22  Void Ray x2  
  84  7:24  Pylon  
  84  7:25  Probe  
  84  7:28  Assimilator  
  93  7:36  Pylon  
  93  7:41  Disruptor  
  93  7:43  Probe (Chrono Boost)  
  97  7:48  Photon Cannon  
  97  7:49  Photon Cannon  
  97  7:51  Probe (Chrono Boost)  
  97  7:52  Shield Battery  
  97  7:56  Probe (Chrono Boost)  
  97  7:57  Probe (Chrono Boost)  
  100  8:02  Probe (Chrono Boost)  
  100  8:04  Probe (Chrono Boost)  
  102  8:06  Disruptor  
  102  8:11  Protoss Air Armor Level 1 (Chrono Boost)  
  102  8:12  Probe  
  105  8:13  Probe  
  105  8:17  Probe  
  108  8:24  Probe  
  109  8:27  Fleet Beacon  
  109  8:30  Pylon  
  109  8:33  Shield Battery  
  109  8:44  Assimilator  
  109  8:46  Pylon  
  109  8:48  Photon Cannon  
  109  8:49  Probe (Chrono Boost)  
  109  8:51  Probe x2 (Chrono Boost)  
  109  8:55  Disruptor, Photon Cannon  
  112  9:00  Probe  
  116  9:04  Probe x2, Disruptor  
  121  9:14  Probe, Observer  
  121  9:16  Nexus  
  122  9:22  Pylon  
  122  9:29  Pylon  
  122  9:34  Void Ray x2  
  122  9:38  Pylon x2  
  122  9:41  Pylon  
  130  9:52  Disruptor  
  130  9:53  Disruptor  
  130  9:54  Probe  
  130  9:55  Probe  
  130  9:57  Shield Battery  
  130  9:59  Photon Cannon  
  138  10:01  Photon Cannon  
  138  10:03  Flux Vanes  
  138  10:04  Pylon  
  138  10:17  Void Ray x2  
  138  10:18  Stargate  
  145  10:46  Photon Cannon  
  145  10:47  Photon Cannon  
  145  10:48  Shield Battery  
  145  10:49  Photon Cannon x2  
  145  10:50  Pylon  
  145  10:52  Assimilator, Protoss Ground Weapons Level 1 (Chrono Boost), Shield Battery  
  145  10:57  Assimilator  
  151  11:05  Protoss Air Weapons Level 2 (Chrono Boost)  
  157  11:12  Carrier (Chrono Boost)  
  157  11:13  Carrier (Chrono Boost)  
  157  11:22  Nexus  
  155  11:29  Observer (Chrono Boost)  
  156  11:41  Photon Cannon  
  156  11:42  Photon Cannon  
  156  11:46  Pylon  
  156  11:47  Carrier (Chrono Boost)  
  157  12:01  Photon Cannon  
  157  12:04  Photon Cannon  
  157  12:08  Pylon, Photon Cannon  
  157  12:09  Mothership (Chrono Boost)  
  157  12:13  Carrier (Chrono Boost)  
  166  13:28  Carrier  
  163  13:45  Nexus  
  163  13:47  Pylon  
  163  13:49  Pylon  
  163  13:57  Pylon  
  163  13:58  Carrier  
  163  14:01  Pylon  
  163  14:04  Photon Cannon  
  163  14:05  Photon Cannon  
  163  14:12  Probe  
  163  14:13  Probe x2  
  165  14:25  Probe x3  
  168  14:37  Probe  
  165  14:41  Carrier x2  
  177  14:54  Probe x2  
  177  14:55  Probe  
  161  15:02  Carrier  
  126  15:17  Protoss Air Weapons Level 3  
  95  15:36  Disruptor x2 (Chrono Boost)  
  90  15:43  Carrier x2 (Chrono Boost)  
  90  15:46  Stargate  
  90  15:48  Stargate  
  102  15:58  Photon Cannon  
  102  15:59  Photon Cannon x2  
  102  16:01  Photon Cannon  
  102  16:05  Carrier (Chrono Boost)  
  102  16:06  Disruptor (Chrono Boost)  
  111  16:26  Disruptor  
  114  16:34  Carrier (Chrono Boost)  
  126  16:45  Carrier (Chrono Boost)  
  126  16:46  Carrier (Chrono Boost)  
  132  16:50  Carrier (Chrono Boost)  
  144  17:24  Carrier (Chrono Boost)  
  144  17:33  Carrier x2 (Chrono Boost)  
  156  17:49  Nexus  
  156  18:12  Carrier (Chrono Boost)  
  162  18:21  Carrier  
  141  19:03  Disruptor (Chrono Boost)  
  141  19:04  Disruptor (Chrono Boost)  
  135  19:33  Disruptor (Chrono Boost)  
  129  19:58  Disruptor  
  132  20:06  Disruptor (Chrono Boost)  
  129  20:29  Nexus  
Tags
 
Add a new tag
Caveats
  • Supply blocks, unpowered buildings, or Contaminate may cause inaccurate times.
  • Supply counts are checked every 10 seconds.